Map: Ulzaan

Players

Throwfordays - Winner!

  • Race: Protoss Protoss
  • League: Silver
  • Spawn Location: 11:00

Faust - Winner!

  • Race: Zerg Zerg
  • League: Diamond
  • Spawn Location: 9:00

MechaHortler

  • Race: Zerg Zerg
  • League: Platinum
  • Spawn Location: 1:00

AlbusDumbus

  • Race: Protoss Protoss
  • League: Gold
  • Spawn Location: 3:00

VOD

Have the link to the VOD?

Description

Time

  • Played on: March 25, 2019, 8:25 p.m.
  • Length: 17:41
Show
View Real Time Build Order
Export as new Build Order

Throwfordays Protoss - Winner!

Build Orders: Nexus First 

Get SALT Encoding   

  12  0:01  Probe  
  13  0:13  Probe  
  14  0:25  Probe  
  15  0:47  Nexus  
  15  0:53  Pylon  
  15  1:08  Assimilator  
  16  1:11  Probe  
  16  1:23  Probe  
  17  1:34  Pylon  
  17  1:35  Probe  
  18  1:47  Probe  
  18  1:49  Assimilator  
  18  1:52  Gateway  
  18  1:53  Forge  
  19  1:55  Probe  
  20  2:03  Probe x2  
  22  2:13  Probe  
  23  2:17  Probe  
  24  2:25  Probe  
  24  2:29  Probe  
  26  2:37  Probe  
  26  2:40  Cybernetics Core  
  26  2:41  Probe  
  28  2:46  Pylon  
  28  2:49  Probe  
  29  2:58  Assimilator  
  29  3:01  Probe  
  29  3:02  Assimilator  
  30  3:09  Probe  
  31  3:13  Probe  
  31  3:16  Stargate  
  32  3:21  Probe  
  32  3:25  Probe  
  34  3:32  Pylon  
  34  3:33  Probe  
  34  3:34  Photon Cannon  
  35  3:37  Probe  
  35  3:38  Photon Cannon  
  36  3:49  Probe  
  36  3:53  Photon Cannon  
  37  3:56  Photon Cannon  
  37  4:09  Cybernetics Core  
  37  4:11  Twilight Council  
  37  4:16  Pylon  
  37  4:18  Photon Cannon  
  37  4:19  Protoss Air Weapons Level 1  
  37  4:22  Photon Cannon  
  37  4:36  Photon Cannon  
  37  4:39  Photon Cannon  
  37  4:45  Warp Gate  
  37  4:46  Protoss Shields Level 1  
  37  4:51  Void Ray, Probe  
  41  4:59  Probe  
  42  5:02  Probe  
  44  5:08  Probe  
  44  5:10  Probe  
  45  5:20  Probe x2  
  47  5:22  Stargate  
  47  5:24  Stargate  
  47  5:25  Stargate  
  48  5:31  Stargate  
  48  5:32  Probe  
  49  5:39  Void Ray  
  53  5:56  Nexus  
  53  5:59  Assimilator  
  53  6:03  Assimilator  
  53  6:13  Nexus  
  53  6:20  Void Ray  
  57  6:29  Phoenix  
  57  6:30  Phoenix  
  61  6:40  Protoss Air Armor Level 1  
  61  6:41  Phoenix  
  63  6:52  Pylon  
  63  6:57  Pylon  
  63  7:25  Probe  
  63  7:26  Fleet Beacon  
  63  7:28  Probe  
  64  7:33  Probe  
  64  7:36  Probe  
  65  7:43  Probe  
  67  7:46  Probe  
  69  7:55  Probe  
  69  7:58  Probe  
  69  7:59  Anion Pulse-Crystals  
  69  8:03  Phoenix x4  
  69  8:04  Phoenix  
  79  8:07  Probe  
  79  8:10  Probe  
  81  8:25  Probe  
  81  8:26  Probe  
  83  8:29  Assimilator, Protoss Air Weapons Level 2  
  83  8:33  Assimilator  
  84  8:34  Probe  
  84  8:37  Probe  
  84  8:38  Probe x2  
  87  8:46  Probe  
  88  8:49  Probe  
  88  8:50  Probe x2  
  91  8:58  Probe  
  91  9:01  Probe  
  91  9:02  Probe x2  
  94  9:08  Stalker  
  92  9:10  Probe  
  92  9:13  Probe  
  92  9:14  Probe x2  
  86  9:22  Probe  
  82  9:25  Probe  
  82  9:26  Probe  
  84  9:37  Probe  
  77  10:14  Void Ray x5  
  81  10:18  Probe  
  98  10:22  Probe  
  99  10:30  Probe  
  99  10:31  Pylon  
  99  10:34  Probe  
  101  10:37  Pylon  
  101  10:42  Probe  
  102  10:46  Probe  
  103  10:50  Probe  
  103  10:51  Probe  
  103  10:54  Probe  
  106  10:58  Probe  
  106  10:59  Photon Cannon  
  106  11:01  Photon Cannon  
  106  11:02  Photon Cannon, Probe  
  106  11:04  Photon Cannon, Probe  
  109  11:06  Photon Cannon, Probe  
  109  11:08  Photon Cannon  
  109  11:09  Pylon  
  109  11:10  Shield Battery, Probe  
  111  11:12  Shield Battery  
  111  11:14  Probe  
  111  11:16  Probe  
  114  11:18  Probe  
  114  11:22  Probe  
  115  11:26  Probe  
  115  11:28  Void Ray x5, Probe  
  115  11:30  Probe  
  138  11:35  Probe  
  138  11:38  Probe  
  140  11:44  Pylon  
  140  11:48  Probe  
  140  11:54  Protoss Air Weapons Level 3  
  140  12:11  Phoenix x4  
  140  12:12  Phoenix  
  122  12:26  Shield Battery  
  118  12:30  Shield Battery  
  118  12:34  Probe  
  119  12:37  Probe  
  119  12:46  Probe  
  119  12:49  Probe  
  121  12:58  Probe  
  122  13:01  Probe  
  121  13:10  Probe  
  122  13:14  Probe  
  123  13:21  Protoss Shields Level 2, Void Ray x2  
  123  13:22  Void Ray x3, Probe  
  123  13:26  Probe  
  145  13:35  Pylon  
  145  13:36  Pylon  
  145  13:37  Pylon, Protoss Air Armor Level 2  
  145  13:39  Pylon  
  145  13:40  Pylon  
  145  13:42  Pylon  
  145  13:43  Pylon  
  145  14:00  Probe  
  146  14:03  Probe  
  146  14:04  Void Ray x4  
  146  14:05  Void Ray  
  167  14:10  Assimilator, Nexus  
  167  14:16  Assimilator  
  167  14:19  Pylon  
  167  14:22  Photon Cannon  
  167  14:23  Photon Cannon  
  167  14:24  Photon Cannon  
  167  14:54  Void Ray x5  
  187  15:37  Void Ray x3  
Show
View Real Time Build Order
Export as new Build Order

Faust Zerg - Winner!

Build Orders: Hatch First 

Get SALT Encoding   

  12  0:02  Drone  
  13  0:10  Drone  
  14  0:15  Extractor  
  14  0:16  Drone  
  15  0:23  Overlord  
  15  0:42  Drone x2  
  17  0:55  Hatchery  
  16  0:58  Drone  
  16  1:01  Extractor  
  16  1:03  Drone  
  17  1:18  Spawning Pool  
  17  1:21  Drone  
  17  1:25  Drone  
  18  1:34  Drone  
  18  1:39  Overlord  
  19  2:07  Queen  
  21  2:08  Metabolic Boost  
  21  2:09  Queen  
  21  2:11  Drone  
  21  2:13  Drone  
  25  2:16  Drone  
  25  2:20  Drone  
  27  2:27  Overlord  
  27  2:35  Baneling Nest  
  27  2:36  Drone  
  27  2:40  Drone  
  27  2:43  Drone  
  29  2:51  Drone x2  
  31  3:00  Lair  
  31  3:02  Drone  
  31  3:03  Drone  
  33  3:17  Drone  
  33  3:18  Drone x4  
  38  3:20  Overlord  
  38  3:22  Drone  
  39  3:28  Drone  
  39  3:30  Drone  
  41  3:34  Overlord  
  41  3:44  Spore Crawler  
  41  3:45  Drone x2  
  42  3:49  Extractor  
  42  3:51  Hatchery  
  40  4:08  Zergling x2  
  40  4:09  Zergling x16  
  49  4:13  Zergling x2  
  44  4:21  Zergling x2  
  44  4:22  Zergling x2  
  34  4:29  Baneling  
  32  4:34  Drone x2  
  32  4:35  Drone x3  
  37  4:48  Drone x4  
  41  4:55  Spore Crawler  
  40  5:06  Baneling x3  
  40  5:10  Drone x3  
  40  5:11  Drone x3  
  40  5:12  Drone x2  
  48  5:17  Drone x2  
  48  5:19  Drone  
  49  5:43  Spore Crawler  
  47  5:52  Spore Crawler  
  47  5:55  Spore Crawler x2, Drone x8  
  47  5:56  Drone x3  
  45  6:22  Spore Crawler  
  45  6:23  Drone x3  
  45  6:24  Drone x5, Spire  
  45  6:25  Queen  
  51  6:32  Spore Crawler  
  50  6:34  Zergling x4  
  50  6:37  Zergling x2  
  52  6:50  Zergling x8  
  56  6:56  Baneling x2  
  55  7:03  Zergling x2  
  55  7:04  Zergling x10  
  57  7:18  Drone  
  57  7:19  Drone x3  
  57  7:20  Drone  
  62  7:24  Extractor, Drone x3  
  62  7:25  Extractor  
  62  7:29  Queen  
  59  7:48  Mutalisk  
  59  7:51  Overlord x2  
  54  7:52  Zergling x2  
  54  7:53  Zergling x8  
  54  7:56  Extractor  
  54  7:57  Extractor  
  54  7:58  Drone x2  
  58  7:59  Overlord x3  
  58  8:11  Drone x3  
  61  8:13  Drone  
  62  8:27  Drone  
  62  8:28  Drone x2  
  62  8:29  Overlord  
  65  8:37  Drone  
  65  8:38  Drone x3  
  65  8:39  Drone x2  
  71  8:45  Baneling  
  71  8:46  Baneling x2  
  71  8:56  Queen  
  71  8:58  Drone  
  71  8:59  Drone  
  71  9:00  Drone x6  
  81  9:12  Mutalisk  
  81  9:13  Mutalisk x4  
  91  9:20  Zerg Flyer Weapons Level 1  
  91  9:24  Overlord x3  
  91  9:25  Overlord  
  91  9:33  Hatchery  
  91  9:35  Spore Crawler  
  91  9:36  Spore Crawler  
  88  9:39  Evolution Chamber x2  
  81  10:01  Baneling x4, Mutalisk  
  81  10:02  Baneling, Mutalisk x5  
  81  10:03  Mutalisk x2  
  97  10:11  Drone x4  
  97  10:12  Zergling x6, Drone  
  105  10:27  Drone  
  106  10:31  Drone  
  106  10:32  Drone x2  
  109  10:37  Baneling x2  
  109  10:38  Baneling x4  
  109  10:43  Zergling x22  
  109  10:44  Zergling x2  
  121  10:52  Drone  
  121  10:53  Drone x2  
  124  11:03  Infestation Pit  
  107  11:54  Drone  
  107  11:55  Drone x12  
  107  11:57  Extractor, Zergling x14  
  107  11:58  Zergling x8, Extractor  
  129  12:01  Hive  
  127  12:26  Baneling x13  
  127  12:27  Zergling x2, Baneling x9  
  127  12:28  Zergling x14  
  135  12:36  Overlord x3  
  135  12:37  Overlord x3  
  104  12:56  Drone x2  
  104  12:57  Drone x3  
  104  12:58  Drone  
  107  13:04  Zerg Melee Weapons Level 1  
  107  13:05  Zerg Ground Armor Level 1  
  102  13:09  Mutalisk  
  102  13:10  Mutalisk x15  
  127  13:17  Zerg Flyer Weapons Level 2  
  127  13:20  Drone  
  126  13:28  Zergling x8  
  107  13:45  Drone x3  
  107  13:48  Drone x10  
  111  13:49  Drone  
  121  13:57  Adrenal Glands  
  121  13:59  Centrifical Hooks  
  121  14:04  Spire  
  121  14:08  Drone x3  
  121  14:09  Extractor, Drone  
  123  14:10  Drone x4  
  127  14:17  Zergling x2  
  127  14:18  Zergling x6  
  125  14:43  Zergling x2  
  125  14:44  Zergling x28  
  135  14:50  Mutalisk  
  135  14:51  Mutalisk x2  
  140  15:04  Zerg Melee Weapons Level 2  
  140  15:05  Zerg Ground Armor Level 2  
  140  15:08  Mutalisk x8  
  140  15:09  Queen  
  140  15:11  Overlord x2  
  156  15:32  Spine Crawler x2  
  156  15:33  Drone, Spine Crawler x2  
  156  15:34  Drone x6  
  156  15:35  Drone, Spine Crawler  
  145  16:04  Mutalisk x12  
  143  16:33  Hatchery  
  143  16:35  Extractor  
  136  16:41  Zergling x24  
  136  16:42  Zergling x12  
  150  17:02  Zergling x2  
  150  17:03  Zergling x26  
  164  17:24  Drone x3  
  164  17:25  Drone x3  
  164  17:26  Drone x4  
  174  17:34  Extractor  
Show
View Real Time Build Order
Export as new Build Order

MechaHortler Zerg 

Build Orders: Hatch First 

Get SALT Encoding   

  12  0:02  Drone  
  13  0:08  Drone  
  14  0:18  Overlord  
  14  0:36  Drone  
  14  0:37  Drone x2  
  17  0:59  Drone  
  17  1:00  Drone  
  17  1:04  Hatchery  
  18  1:14  Spawning Pool  
  17  1:23  Extractor, Drone  
  17  1:24  Drone  
  18  1:35  Drone  
  19  1:41  Overlord  
  19  1:45  Extractor  
  18  1:56  Drone  
  19  2:04  Queen  
  19  2:06  Drone  
  22  2:16  Drone  
  22  2:17  Drone  
  24  2:26  Zergling x2, Metabolic Boost  
  24  2:29  Queen  
  25  2:36  Drone  
  29  2:37  Drone  
  29  2:39  Zergling x2  
  30  2:45  Lair  
  30  2:57  Zergling x2  
  30  2:58  Zergling x4  
  33  3:00  Drone  
  34  3:07  Extractor  
  33  3:15  Drone  
  33  3:16  Drone x2  
  33  3:19  Overlord  
  36  3:22  Overlord  
  36  3:44  Drone x7  
  43  4:02  Spire  
  42  4:10  Drone  
  42  4:11  Drone x5  
  48  4:29  Zergling x4  
  50  4:50  Extractor  
  49  5:17  Zerg Flyer Weapons Level 1  
  49  5:19  Mutalisk  
  49  5:21  Overlord x5  
  51  5:28  Zergling x2  
  52  5:46  Mutalisk  
  52  5:47  Mutalisk x8  
  69  6:11  Mutalisk x2  
  72  6:29  Mutalisk  
  72  6:30  Mutalisk  
  72  6:31  Zergling x2  
  72  6:32  Zergling x6  
  76  7:11  Zerg Flyer Weapons Level 2  
  73  7:16  Hatchery  
  73  7:18  Hatchery  
  71  7:43  Mutalisk x4  
  67  7:57  Zergling x8  
  67  7:58  Zergling x2  
  64  8:14  Drone x3  
  67  8:33  Drone  
  67  8:34  Drone x5  
  73  8:35  Queen  
  73  8:36  Queen  
  77  8:44  Mutalisk  
  77  8:45  Mutalisk x5  
  77  8:46  Zergling x2  
  77  8:47  Zergling x2  
  91  8:51  Zergling x2  
  91  8:52  Zergling x2  
  93  9:04  Extractor  
  92  9:21  Extractor  
  91  9:47  Hatchery  
  63  10:06  Mutalisk  
  55  10:07  Mutalisk x7  
  55  10:11  Zergling x18  
  55  10:12  Zergling x20  
  88  10:20  Drone  
  88  10:21  Drone  
  90  10:31  Zerg Flyer Armor Level 1  
  90  10:37  Drone  
  90  10:38  Drone x5  
  90  10:39  Overlord x3  
  90  10:40  Overlord x3  
  96  10:59  Mutalisk  
  96  11:00  Mutalisk x4  
  96  11:01  Zergling x2  
  96  11:02  Zergling x8  
  111  11:07  Extractor  
  104  11:13  Extractor  
  95  11:22  Corruptor  
  95  11:23  Corruptor x2  
  95  11:24  Zergling x2  
  95  11:25  Zergling x26  
  115  11:36  Drone  
  75  12:09  Zergling x4  
  75  12:10  Zergling x8  
  75  12:13  Zergling x2  
  68  12:16  Drone  
  69  12:28  Drone  
  69  12:29  Drone x3  
  73  12:39  Drone x3  
  73  12:40  Drone  
  77  12:53  Zerg Flyer Armor Level 2  
  59  13:27  Zergling x8  
  59  13:28  Zergling x24  
  71  13:43  Drone  
  71  13:44  Drone x4  
  73  13:53  Zergling x10  
  78  14:06  Zergling x10  
  83  14:15  Corruptor  
  83  14:16  Corruptor x4  
  73  14:47  Corruptor x6  
  73  14:48  Corruptor  
  86  15:07  Drone x4  
  86  15:08  Drone x8  
  98  15:16  Corruptor x2  
  102  15:21  Drone x3  
  102  15:22  Drone  
  102  15:26  Corruptor  
  108  15:38  Infestation Pit  
  108  15:40  Corruptor x2  
  108  15:41  Corruptor  
  113  15:46  Corruptor  
  115  15:58  Zergling x18  
  119  16:24  Zergling x2  
  119  16:25  Zergling x34  
  103  16:34  Zergling x2  
  103  16:35  Zergling x6  
  104  16:47  Zergling x8  
  97  17:12  Spawning Pool  
  94  17:27  Extractor  
Show
View Real Time Build Order
Export as new Build Order

AlbusDumbus Protoss 

Build Orders: Phoenix Opening 

Get SALT Encoding   

  12  0:01  Probe  
  13  0:13  Probe  
  14  0:20  Pylon  
  14  0:25  Probe  
  15  0:34  Probe  
  15  0:40  Gateway  
  15  0:42  Probe  
  17  0:52  Probe  
  17  0:53  Assimilator  
  18  1:00  Probe  
  18  1:09  Probe  
  19  1:18  Assimilator, Probe  
  21  1:26  Pylon  
  21  1:39  Cybernetics Core  
  21  1:47  Probe  
  22  1:59  Probe  
  23  2:03  Pylon  
  23  2:11  Probe  
  23  2:13  Nexus, Sentry  
  26  2:24  Probe  
  27  2:30  Stargate  
  27  2:36  Probe  
  28  2:40  Stalker  
  30  2:50  Probe  
  31  3:02  Probe  
  32  3:09  Phoenix  
  32  3:13  Pylon  
  32  3:14  Probe  
  35  3:31  Phoenix  
  35  3:36  Probe x2  
  39  3:43  Warp Gate  
  39  3:48  Probe x2  
  41  3:55  Assimilator, Phoenix  
  41  4:00  Probe x2  
  45  4:07  Gateway x2  
  45  4:12  Phoenix, Probe  
  48  4:28  Probe x2  
  50  4:38  Probe  
  50  4:40  Probe  
  50  4:42  Twilight Council  
  52  4:46  Probe  
  52  4:51  Phoenix  
  52  4:52  Probe  
  56  5:04  Probe  
  56  5:05  Probe  
  58  5:16  Probe  
  58  5:18  Probe  
  60  5:21  Pylon  
  60  5:25  Charge  
  60  5:27  Gateway  
  60  5:28  Probe  
  60  5:30  Probe  
  62  5:49  Probe x2  
  64  5:54  Assimilator  
  64  5:59  Forge  
  64  6:01  Forge, Probe  
  65  6:07  Pylon  
  65  6:09  Stalker x2  
  67  6:17  Stalker  
  68  6:32  Zealot x3  
  74  6:42  Nexus  
  72  6:51  Pylon  
  72  6:52  Pylon  
  72  6:53  Protoss Ground Weapons Level 1  
  72  6:54  Protoss Ground Armor Level 1  
  72  7:01  Gateway x2  
  72  7:04  Gateway  
  72  7:08  Gateway, Zealot x2  
  76  7:28  Robotics Facility  
  76  7:30  Pylon, Zealot x4  
  84  7:50  Blink  
  84  7:53  Probe x2  
  84  7:54  Probe  
  84  7:57  Stalker  
  84  7:58  Stalker x5  
  97  8:05  Probe x2  
  101  8:08  Assimilator  
  101  8:11  Photon Cannon  
  101  8:12  Probe  
  102  8:13  Assimilator, Photon Cannon  
  102  8:14  Stalker x2  
  102  8:16  Photon Cannon  
  102  8:17  Probe x2  
  102  8:18  Pylon  
  108  8:22  Zealot x3  
  108  8:24  Probe  
  115  8:29  Probe x2  
  115  8:31  Robotics Bay  
  117  8:36  Pylon, Probe  
  117  8:39  Pylon  
  118  8:41  Probe x2  
  118  8:46  Stalker  
  118  8:47  Stalker  
  124  8:48  Probe  
  124  8:53  Photon Cannon  
  124  8:54  Probe x2  
  127  8:57  Photon Cannon  
  127  9:18  Zealot x4  
  127  9:19  Zealot x3  
  135  9:39  Stalker x3  
  135  9:40  Stalker  
  135  10:02  Stalker x3  
  135  10:04  Protoss Ground Weapons Level 2  
  141  10:08  Protoss Ground Armor Level 2  
  141  10:31  Pylon  
  141  10:33  Pylon  
  141  10:35  Pylon  
  141  10:36  Pylon  
  141  10:43  Pylon, Nexus  
  141  10:45  Pylon  
  141  10:48  Pylon  
  141  10:49  Pylon, Probe x2  
  143  10:58  Stalker x3  
  143  10:59  Stalker x5  
  159  11:24  Stalker x4  
  159  11:25  Stalker x3  
  171  11:41  Stalker  
  101  11:54  Phoenix  
  173  11:57  Stargate  
  171  12:02  Protoss Air Weapons Level 1  
  159  12:19  Phoenix  
  147  12:44  Phoenix  
  89  13:06  Stalker x5  
  89  13:07  Stalker x2  
  89  13:08  Stalker  
  93  13:20  Probe x4  
  97  13:32  Probe  
  97  13:33  Stalker x2  
  97  13:34  Stalker x6  
  114  13:44  Gateway  
  114  13:45  Gateway  
  114  13:46  Phoenix  
  114  13:47  Gateway, Phoenix  
  114  13:49  Gateway  
  118  14:01  Protoss Air Armor Level 1  
  118  14:04  Stalker x4  
  118  14:05  Stalker x4  
  118  14:06  Nexus  
  118  14:08  Phoenix x2  
  134  14:14  Probe x3  
  134  14:15  Probe  
  142  14:29  Pylon  
  142  14:30  Pylon  
  142  14:31  Stalker x4  
  130  14:32  Pylon  
  130  14:33  Phoenix  
  130  14:34  Pylon  
  130  14:35  Pylon  
  114  14:48  Stalker x4  
  122  14:55  Phoenix  
  124  15:09  Phoenix  
  124  15:12  Phoenix  
  128  15:25  Stalker x6  
  128  15:26  Stalker x2  
  142  15:49  Fleet Beacon  
  142  15:54  Assimilator  
  132  16:04  Phoenix x2  
  88  16:11  Stalker  
  88  16:12  Stalker x4  
  88  16:13  Stalker x4  
  88  16:14  Stalker  
  97  16:22  Stalker x2  
  95  16:29  Phoenix x2  
  91  16:51  Stalker  
  91  16:52  Stalker x5  
  91  16:53  Stalker x2  
  91  16:54  Stalker  
  111  16:55  Phoenix  
  113  17:09  Stalker x2  
  84  17:27  Stalker x5  
  59  17:34  Stalker x2  
Tags
 
Add a new tag
Caveats
  • Supply blocks, unpowered buildings, or Contaminate may cause inaccurate times.
  • Supply counts are checked every 10 seconds.